 Dungeon Crawl Stone Soup version 0.31-a0-233-g139696dc86 (webtiles) character file.

Game seed: 4556492786746994896

441 qw the Shooter (level 6, -2/51 (55) HPs)
             Began as a Minotaur Hexslinger on July 8, 2023.
             Slain by a gnoll
             ... wielding a +0 spear
             ... led by a gnoll bouda
              (4 damage)
             ... on level 4 of the Dungeon.
             The game lasted 00:01:03 (2679 turns).

qw the Shooter (Minotaur Hexslinger)                Turns: 2679, Time: 00:01:04

HP:   -2/51 (55)    AC:  9    Str: 13    XL:     6   Next: 71%
MP:   6/6           EV: 11    Int: 10    God:
Gold: 348           SH:  0    Dex: 14    Spells: 6/7 levels left

rFire   . . .        g - +0 shortbow (heavy)
rCold   . . .        (shield currently unavailable)
rNeg    . . .        i - +3 ring mail
rPois   .            (helmet restricted)
rElec   .            (no cloak)
rCorr   .            (no gloves)
SInv    .            a - +0 pair of boots
Will    .....        (no amulet)
Stlth   +            (no ring)
HPRegen 0.28/turn    (no ring)
MPRegen 0.10/turn

%: no passive effects
@: about to teleport, drained
A: horns 2, retaliatory headbutt
a: no special abilities


You were on level 4 of the Dungeon.
You visited 1 branch of the dungeon, and saw 5 of its levels.

You collected 348 gold pieces.


Innate Abilities, Weirdness & Mutations

You have a pair of horns on your head.
You reflexively headbutt those who attack you in melee.


   Skills:
 - Level 4.8 Fighting
 + Level 6.5 Ranged Weapons
 - Level 1.0 Armour
 - Level 2.1 Dodging
 - Level 1.0 Spellcasting
 - Level 2.0 Hexes


You had 6 spell levels left.
You knew the following spells:

 Your Spells              Type           Power      Damage    Failure   Level
a - Slow                  Hex            16%        N/A       32%         1

Your spell library contained the following spells:

 Spells                   Type           Power      Damage    Failure   Level
 Inner Flame              Hex/Fire       2%         N/A       82%         3
 Portal Projectile        Hex/Tloc       4%         N/A       82%         3
 Cause Fear               Hex            2%         N/A       97%         4

Inventory:

Hand Weapons
 g - a +0 heavy shortbow (weapon)
Armour
 a - a +0 pair of boots (worn)
 i - a +3 ring mail (worn)
Scrolls
 e - a scroll of identify
 f - a scroll of brand weapon
 h - 2 scrolls of teleportation
Potions
 c - a potion of curing
 d - a potion of enlightenment
 j - a potion of might
 k - a potion of haste
 l - a potion of mutation {unknown}

Dungeon Overview and Level Annotations

Branches:
Dungeon (5/15)
 Temple: D:4-7

Altars:
Trog

Shops:
D:1 :   D:4 :

Annotations:
D:3 2 transporters, qw's ghost, weakling MiHs
D:5 Dowan; Duvessa


Message History

The gnolls pick up the pace!
Duvessa closely misses you. The gnoll hits you with a +0 spear.
The adder barely misses you. You furiously retaliate!
You headbutt the adder. The gnoll hits you with a +0 flail.
There is a stone staircase leading up here.
You shoot an arrow. The arrow hits the adder!
You kill the adder!
Duvessa drinks a potion.
Duvessa seems to speed up.
The gnoll hits you but does no damage. x2; The gnoll closely misses you.
The iguana misses you. Duvessa hits you but does no damage.
The gnoll hits you but does no damage. The gnoll barely misses you.
You shoot an arrow. The arrow hits Duvessa.
Duvessa is lightly wounded.
Duvessa says, "My weaknesses are his strengths!"
Duvessa hits you with a +0 short sword. The gnoll hits you but does no damage.
The gnoll hits you with a +0 flail. The iguana bites you!
Duvessa hits you with a +0 short sword. The gnoll hits you with a +0 flail.
The gnoll hits you from afar with a +0 spear.
The gnoll hits you with a +0 spear. The gnoll hits you with a +0 flail.
The iguana bites you. Duvessa hits you but does no damage.
2676 ||| STAIRDANCE The gnoll hits you with a +1 flail of draining.
You feel drained. The gnoll hits you with a +0 flail!
The gnoll barely misses you. The gnoll misses you.
Duvessa hits you but does no damage. The gnoll closely misses you.
The iguana bites you but does no damage.
You climb upwards.
There is a stone staircase leading down, spattered with blood here.
2678 ||| READING 3 scrolls of teleportation.
As you read the scroll of teleportation, it crumbles to dust.
You feel strangely unstable.
The gnoll hits you with a +1 flail of draining.
You feel drained. The gnoll hits you but does no damage.
The gnoll barely misses you. You furiously retaliate!
You headbutt the gnoll! The gnoll barely misses you. The iguana bites you!
You shoot an arrow. The arrow closely misses the gnoll.
The gnoll hits you but does no damage.
You feel drained. The gnoll misses you. You furiously retaliate!
You headbutt the gnoll! The gnoll hits you with a +0 spear.
You die...

.....#.....#............#
........................#
........................#
...............#........######
...........).................#
#####....##.............####.#
#######.............# #.#
#....ggl......# #.#
#####g@g.....## #.# ########.#
#.# #.# #.# #.# #.# #.#####.#
#.......# #########


You could see an iguana and 4 gnolls.

Vanquished Creatures
  A water moccasin (D:4)
  An ice beast (D:4)
  A scorpion (D:4)
  A hound (D:4)
  An orc priest (D:4)
  4 adders
  3 worms (D:2)
  4 dart slugs
  3 orcs (D:4)
  9 ball pythons
  4 endoplasms
  7 giant cockroaches
  7 goblins
  3 hobgoblins
  3 jackals
  7 kobolds
  3 quokkas
  7 bats
  6 frilled lizards
  5 rats
80 creatures vanquished.

Notes
Turn   | Place    | Note
-------+----------+-------------------------------------------
     0 | D:1      | qw the Minotaur Hexslinger began the quest for the Orb.
     0 | D:1      | Reached XP level 1. HP: 16/16 MP: 1/1
     0 | D:1      | 0 ||| qw: Version: 0.3-a-46-gb1f654a
     0 | D:1      | 0 ||| qw: Game counter: 3535
     0 | D:1      | 0 ||| qw: Melee chars always use a shield: true
     0 | D:1      | 0 ||| qw: God list: Okawaru
     0 | D:1      | 0 ||| qw: Allow faded altars: false
     0 | D:1      | 0 ||| qw: Do Orc after clearing Dungeon:15 true
     0 | D:1      | 0 ||| qw: Do second Lair branch before Depths: true
     0 | D:1      | 0 ||| qw: Lair rune preference: random
     0 | D:1      | 0 ||| qw: Goals: Normal
     0 | D:1      | 0 ||| PLANNING D:1-11
    54 | D:1      | 54 ||| SWAPPING to +0 shortbow.
   102 | D:1      | 102 ||| DROPPING +1 sling.
   110 | D:1      | Reached skill level 3 in Ranged Weapons
   110 | D:1      | Reached XP level 2. HP: 23/23 MP: 2/2
   437 | D:1      | Found Pyefohil's Vocational Training.
   531 | D:1      | Reached XP level 3. HP: 21/29 MP: 3/3
   824 | D:1      | 824 ||| UPGRADING to +3 ring mail.
   834 | D:1      | 834 ||| DROPPING +0 robe.
   835 | D:1      | 835 ||| READING scroll labelled YNWUESHYGEA.
   836 | D:1      | 836 ||| READING 2 scrolls labelled AKLOETEDUST.
   837 | D:1      | 837 ||| READING 3 scrolls labelled ROHOIR JOOBRUENYL.
   838 | D:1      | 838 ||| READING 2 scrolls of brand weapon.
   838 | D:1      | 838 ||| BRANDING +0 shortbow of draining.
   839 | D:1      | 839 ||| READING 3 scrolls labelled EXAERA QERAYQ.
   843 | D:1      | 843 ||| READING scroll labelled ZUTUM NEWO.
   844 | D:1      | 844 ||| READING scroll labelled HULYOL SUHOERALAO.
   845 | D:1      | 845 ||| DROPPING scroll of poison.
   887 | D:2      | Reached skill level 4 in Ranged Weapons
   953 | D:2      | Reached skill level 1 in Armour
   992 | D:2      | Reached XP level 4. HP: 36/36 MP: 4/4
  1347 | D:2      | 1347 ||| DROPPING +6 ring of intelligence.
  1348 | D:2      | 1348 ||| READING scroll labelled MOIQAS OLISTEI.
  1473 | D:3      | Found a transporter.
  1577 | D:3      | Found a transporter.
  1611 | D:3      | Noticed qw's ghost (weakling MiHs)
  1913 | D:3      | 1913 ||| READING scroll labelled ACZACKU DIPPOH.
  1914 | D:3      | 1914 ||| READING scroll labelled FEYNICK COIM.
  1915 | D:3      | 1915 ||| READING scroll labelled YVOTOR MENT.
  1916 | D:3      | 1916 ||| READING scroll labelled WISAAN ZIEP AMP.
  1991 | D:4      | Noticed a scorpion
  1994 | D:4      | Killed a scorpion
  1995 | D:4      | Reached skill level 5 in Ranged Weapons
  1995 | D:4      | Reached XP level 5. HP: 37/41 MP: 5/5
  2025 | D:4      | Found Niap's Book Shop.
  2106 | D:4      | Reached skill level 3 in Fighting
  2309 | D:4      | Noticed an ice beast
  2320 | D:4      | Killed an ice beast
  2321 | D:4      | Reached skill level 6 in Ranged Weapons
  2321 | D:4      | Reached XP level 6. HP: 45/51 MP: 6/6
  2353 | D:4      | Found a bloodstained altar of Trog.
  2465 | D:4      | 2465 ||| UPGRADING to +0 pair of boots.
  2470 | D:4      | 2470 ||| DRINKING 2 blue potions.
  2471 | D:4      | 2471 ||| DRINKING 2 pink potions.
  2472 | D:4      | 2472 ||| DRINKING 2 bubbling red potions.
  2473 | D:4      | 2473 ||| READING 2 scrolls of identify.
  2473 | D:4      | 2473 ||| IDENTIFYING coppery potion
  2474 | D:4      | 2474 ||| DROPPING potion of invisibility.
  2497 | D:5      | Entered Level 5 of the Dungeon
  2497 | D:5      | Noticed a water moccasin
  2500 | D:5      | Noticed Duvessa
  2503 | D:5      | Noticed Dowan
  2507 | D:5      | 2507 ||| STAIRDANCE
  2519 | D:4      | Killed a water moccasin
  2522 | D:4      | HP: 13/55 [poisoned by a water moccasin]
  2676 | D:5      | 2676 ||| STAIRDANCE
  2676 | D:5      | HP: 12/53 [gnoll/+0 flail[a gnoll bouda] (9)]
  2678 | D:4      | 2678 ||| READING 3 scrolls of teleportation.
  2678 | D:4      | HP: 1/52 [iguana (8)]
  2679 | D:4      | Slain by a gnoll

Levels and vault maps discovered:
D:1:      evilmike_arrival_home_sweet_home, layout_loops_ring,
          nicolae_shop_vocational
D:2:      layout_rooms, minmay_statues_item, minmay_box_of_dots
D:3:      layout_basic, gammafunk_ghost_stat_death
D:4:      layout_basic, overflow_temple_1_default, serial_shops,
          nicolae_stop_n_shop_2
D:5:      layout_basic, jmf_multi_god_temple, serial_shops,
          nicolae_stop_n_shop_1, gammafunk_ghost_arena, uniq_duvessa,
          uniq_prince_ribbit1

Skill      XL: |  1  2  3  4  5  6 |
---------------+-------------------+-----
Ranged Weapons | 3 4 5 6 |  6.5
Fighting       | 2 3 4 |  4.8
Armour         | 1 |  1.0
Dodging        | |  2.1
Spellcasting   | |  1.0
Hexes          | |  2.0

Action                     |  1- 3 |  4- 6 || total
---------------------------+-------+-------++-------
   Fire: Shortbow          |   100 |   113 ||   213
         Sling             |     4 |       ||     4
    Use: Scroll            |     7 |     7 ||    14
         Potion            |       |     3 ||     3
 Armour: Robe              |     8 |       ||     8
         Ring mail         |     4 |    62 ||    66
  Dodge: Dodged            |    31 |    72 ||   103

Table legend:
 A = Non-vault XP
 B = Vault XP
 C = Vault XP percentage of total XP
 D = Non-vault monster count
 E = Vault monster count
 F = Vault count percentage of total count
                 A         B        C        D         E       F
            +---------+---------+-------+---------+---------+-------
      Total |     624 |       7 |   1.1 |      78 |       2 |   2.5
            +---------+---------+-------+---------+---------+-------
        D:1 |      42 |       0 |   0.0 |      25 |       0 |   0.0
        D:2 |      78 |       7 |   8.2 |      25 |       2 |   7.4
        D:3 |      20 |       0 |   0.0 |      10 |       0 |   0.0
        D:4 |     467 |       0 |   0.0 |      15 |       0 |   0.0
        D:5 |      17 |       0 |   0.0 |       3 |       0 |   0.0
            +---------+---------+-------+---------+---------+-------
